General information
			
			
        
        - name: BNet
 
        - type: Ladder team game (AT/RT)
 
        - host: Battle.net
 
        - saver: BEAR_AND
 
        
map: Cherryville 
        - players: 8
 
        - length: 29:12
 
        - speed: Fast
 - version: 1.22 W3XP
 - replay type:  

 
» download(261 KB)
Players
        team 1 (winner) 
              
              
BEAR_AND (
orange | 78 APM | 2284 actions | 29:12)
              
 2 Archmage 
 1 Summon Water Elemental
 1 Brilliance Aura
 
                » actions 
                
                | Assign group hotkey | 20 |  | 
| Basic commands | 8 |  | 
| Build / train | 55 |  | 
| Enter build submenu | 62 |  | 
| Enter hero's abilities submenu | 2 |  | 
| Right click | 1382 |  | 
| Select / deselect | 379 |  | 
| Select group hotkey | 264 |  | 
| Use ability | 111 |  | 
                2284 total
 » units 
                » upgrades
                » buildings
                
                | Altar of Kings | 4 |  | 
| Farm | 13 |  | 
| Lumber Mill | 4 |  | 
| Scout Tower | 42 |  | 
| Guard Tower | 19 |  | 
| Arcane Tower | 4 |  | 
| Keep | 1 |  | 
| Arcane Vault | 1 |  | 
| Arcane Sanctum | 2 |  | 
| Town Hall | 1 |  | 
                91 total
 » build order
                00:11 Altar of Kings
00:21 Farm
00:22 Farm
01:43 Lumber Mill
01:52 Lumber Mill
03:42 Scout Tower
03:48 Scout Tower
04:11 Scout Tower
04:12 Scout Tower
04:13 Scout Tower
04:17 Guard Tower
04:19 Scout Tower
04:25 Scout Tower
04:27 Scout Tower
04:40 Scout Tower
04:41 Scout Tower
04:41 Arcane Tower
04:43 Arcane Tower
04:45 Scout Tower
04:59 Guard Tower
04:59 Guard Tower
05:01 Guard Tower
05:15 Guard Tower
05:17 Scout Tower
05:18 Scout Tower
05:18 Scout Tower
05:21 Scout Tower
05:22 Scout Tower
05:25 Scout Tower
05:37 Lumber Mill
05:53 Arcane Tower
05:56 Guard Tower
05:57 Guard Tower
06:03 Guard Tower
06:46 Guard Tower
06:47 Scout Tower
07:00 Keep
07:25 Guard Tower
07:26 Scout Tower
07:27 Scout Tower
07:28 Scout Tower
07:28 Scout Tower
07:37 Arcane Vault
07:57 Guard Tower
08:03 Guard Tower
08:03 Guard Tower
08:10 Guard Tower
08:51 Scout Tower
08:52 Scout Tower
09:15 Guard Tower
09:19 Guard Tower
09:30 Scout Tower
09:31 Scout Tower
09:31 Scout Tower
09:33 Scout Tower
09:33 Scout Tower
09:47 Farm
09:47 Farm
10:04 Guard Tower
11:05 Arcane Sanctum
11:06 Arcane Sanctum
11:13 Altar of Kings
11:22 Altar of Kings
11:58 Farm
11:59 Farm
12:00 Farm
12:03 Farm
12:04 Farm
13:03 Farm
13:07 Town Hall
15:09 Scout Tower
15:11 Scout Tower
15:30 Scout Tower
15:31 Scout Tower
15:32 Scout Tower
15:33 Scout Tower
15:34 Scout Tower
15:36 Scout Tower
15:39 Arcane Tower
16:02 Scout Tower
16:02 Scout Tower
16:20 Guard Tower
16:21 Scout Tower
16:40 Guard Tower
16:42 Scout Tower
18:34 Scout Tower
18:47 Lumber Mill
20:08 Altar of Kings
22:13 Farm
22:15 Farm
22:17 Farm
 
               
              
              
iggy_the_fisk (
yellow | 122 APM | 3550 actions | 29:11)
              
 5 Archmage 
 3 Summon Water Elemental
 2 Brilliance Aura
 3 Mountain King 
 2 Storm Bolt
 1 Bash
 
                » actions 
                
                | Assign group hotkey | 310 |  | 
| Basic commands | 25 |  | 
| Build / train | 153 |  | 
| Enter build submenu | 88 |  | 
| Enter hero's abilities submenu | 8 |  | 
| Give item / drop item | 1 |  | 
| Remove unit from queue | 1 |  | 
| Right click | 1615 |  | 
| Select / deselect | 489 |  | 
| Select group hotkey | 633 |  | 
| Use ability | 227 |  | 
                3550 total
 » units 
                
                | Peasant | 42 |  | 
| Gryphon Rider | 10 |  | 
| Dragonhawk Rider | 10 |  | 
                62 total
 » upgrades
                
                | Masonry | 3 |  | 
| Lumber Harvesting | 2 |  | 
| Storm Hammers | 1 |  | 
| Animal War Training | 1 |  | 
| Swords | 3 |  | 
| Armor | 3 |  | 
                13 total
 » buildings
                
                | Altar of Kings | 1 |  | 
| Farm | 15 |  | 
| Lumber Mill | 2 |  | 
| Scout Tower | 73 |  | 
| Guard Tower | 47 |  | 
| Arcane Tower | 1 |  | 
| Keep | 1 |  | 
| Castle | 1 |  | 
| Town Hall | 1 |  | 
| Gryphon Aviary | 2 |  | 
| Blacksmith | 1 |  | 
| Barracks | 1 |  | 
| Arcane Vault | 2 |  | 
                148 total
 » build order
                00:05 Altar of Kings
00:18 Farm
01:09 Farm
02:03 Farm
02:28 Lumber Mill
03:35 Scout Tower
04:02 Guard Tower
04:02 Guard Tower
04:08 Scout Tower
04:26 Guard Tower
04:27 Scout Tower
04:34 Scout Tower
04:56 Scout Tower
05:04 Guard Tower
05:23 Scout Tower
05:26 Scout Tower
06:01 Arcane Tower
06:03 Scout Tower
06:04 Guard Tower
06:06 Scout Tower
06:10 Scout Tower
06:31 Guard Tower
06:33 Scout Tower
06:34 Guard Tower
06:36 Scout Tower
06:47 Farm
06:49 Guard Tower
06:50 Scout Tower
07:02 Guard Tower
07:02 Guard Tower
07:09 Scout Tower
07:10 Guard Tower
07:13 Scout Tower
07:21 Guard Tower
07:22 Scout Tower
07:53 Guard Tower
07:57 Scout Tower
07:59 Scout Tower
08:31 Keep
08:32 Guard Tower
11:16 Castle
11:22 Town Hall
11:29 Scout Tower
11:29 Scout Tower
11:30 Scout Tower
11:31 Scout Tower
11:31 Scout Tower
11:32 Scout Tower
11:32 Scout Tower
11:33 Scout Tower
11:35 Scout Tower
11:36 Scout Tower
12:17 Scout Tower
12:18 Scout Tower
12:47 Scout Tower
12:48 Scout Tower
12:49 Scout Tower
12:50 Scout Tower
12:52 Scout Tower
12:53 Scout Tower
12:56 Scout Tower
12:57 Scout Tower
12:59 Guard Tower
13:01 Gryphon Aviary
13:02 Gryphon Aviary
13:04 Blacksmith
13:11 Barracks
13:18 Guard Tower
13:20 Guard Tower
13:25 Guard Tower
13:27 Guard Tower
13:45 Guard Tower
13:46 Scout Tower
13:47 Scout Tower
14:02 Guard Tower
14:07 Scout Tower
14:08 Scout Tower
14:43 Guard Tower
14:56 Scout Tower
14:58 Scout Tower
15:09 Farm
15:28 Guard Tower
15:30 Scout Tower
15:31 Scout Tower
15:32 Guard Tower
15:34 Scout Tower
15:35 Scout Tower
15:37 Guard Tower
15:37 Guard Tower
15:38 Guard Tower
16:04 Arcane Vault
16:11 Guard Tower
16:14 Guard Tower
16:15 Guard Tower
16:15 Guard Tower
16:27 Lumber Mill
16:32 Scout Tower
16:34 Scout Tower
17:06 Guard Tower
17:07 Scout Tower
17:08 Scout Tower
17:10 Scout Tower
17:11 Scout Tower
17:12 Scout Tower
17:34 Farm
17:35 Farm
17:35 Farm
17:36 Farm
17:37 Farm
17:38 Farm
17:45 Farm
18:03 Guard Tower
18:06 Scout Tower
18:06 Scout Tower
18:07 Scout Tower
18:08 Scout Tower
18:09 Scout Tower
18:14 Scout Tower
18:14 Scout Tower
18:37 Guard Tower
18:40 Scout Tower
18:41 Scout Tower
18:54 Guard Tower
18:56 Arcane Vault
19:51 Guard Tower
19:53 Guard Tower
19:54 Guard Tower
19:55 Guard Tower
20:10 Scout Tower
20:11 Scout Tower
21:19 Guard Tower
21:22 Scout Tower
21:27 Guard Tower
22:37 Guard Tower
22:38 Scout Tower
23:10 Farm
23:11 Farm
23:13 Farm
23:57 Scout Tower
23:58 Scout Tower
24:03 Scout Tower
24:03 Scout Tower
24:04 Scout Tower
26:02 Guard Tower
» items
                
                | Scroll of Town Portal | 4 |  | 
| Scroll of Regeneration | 2 |  | 
| Staff of Sanctuary | 1 |  | 
                7 total
  
               
              
              
Mata. (
red | 114 APM | 3333 actions | 29:11)
              
 3 Pandaren Brewmaster 
 2 Breath of Fire
 1 Drunken Brawler
 5 Beastmaster 
 2 Summon Quilbeast
 3 Summon Hawk
 
                » actions 
                
                | Assign group hotkey | 426 |  | 
| Basic commands | 36 |  | 
| Build / train | 94 |  | 
| Enter build submenu | 32 |  | 
| Enter hero's abilities submenu | 8 |  | 
| Remove unit from queue | 5 |  | 
| Right click | 1447 |  | 
| Select / deselect | 677 |  | 
| Select group hotkey | 395 |  | 
| Use ability | 213 |  | 
                3333 total
 » units 
                » upgrades
                » buildings
                
                | Altar of Elders | 4 |  | 
| Moon Well | 8 |  | 
| Tree of Life | 9 |  | 
| Tree of Ages | 5 |  | 
| Hunter's Hall | 1 |  | 
| Ancient of Lore | 2 |  | 
| Ancient of Wonders | 1 |  | 
| Tree of Eternity | 2 |  | 
                32 total
 » build order
                00:05 Altar of Elders
00:51 Moon Well
00:56 Tree of Life
01:22 Altar of Elders
04:37 Tree of Ages
04:37 Tree of Ages
06:25 Hunter's Hall
07:06 Moon Well
07:08 Moon Well
08:19 Tree of Life
09:09 Altar of Elders
09:21 Tree of Life
10:05 Moon Well
13:40 Tree of Life
13:51 Tree of Ages
15:26 Tree of Life
18:12 Tree of Life
19:06 Ancient of Lore
19:20 Ancient of Lore
19:58 Ancient of Wonders
20:11 Tree of Eternity
20:11 Tree of Eternity
21:47 Moon Well
21:48 Moon Well
21:48 Moon Well
21:49 Moon Well
22:37 Tree of Ages
22:41 Tree of Ages
23:42 Tree of Life
23:46 Tree of Life
23:59 Tree of Life
26:33 Altar of Elders
» items
                
                | Staff of Teleportation | 2 |  | 
| Scroll of Town Portal | 1 |  | 
| Boots of Speed | 1 |  | 
                4 total
  
               
              
              
» 
timG4strok (
blue | 104 APM | 3022 actions | 29:11)
              
 4 Pandaren Brewmaster 
 2 Breath of Fire
 1 Drunken Brawler
 1 Drunken Haze
 5 Keeper of the Grove 
 3 Entangling Roots
 2 Thorns Aura
 
                » actions 
                
                | Assign group hotkey | 16 |  | 
| Basic commands | 136 |  | 
| Build / train | 84 |  | 
| ESC pressed | 5 |  | 
| Enter build submenu | 27 |  | 
| Enter hero's abilities submenu | 9 |  | 
| Give item / drop item | 1 |  | 
| Right click | 1259 |  | 
| Select / deselect | 288 |  | 
| Select group hotkey | 1044 |  | 
| Use ability | 153 |  | 
                3022 total
 » units 
                » upgrades
                
                | Strength of the Wild | 2 |  | 
| Abolish Magic | 1 |  | 
| Reinforced Hides | 1 |  | 
| Ultravision | 1 |  | 
| Well Spring | 1 |  | 
                6 total
 » buildings
                
                | Moon Well | 9 |  | 
| Tree of Life | 4 |  | 
| Altar of Elders | 3 |  | 
| Hunter's Hall | 2 |  | 
| Tree of Ages | 2 |  | 
| Ancient of Wind | 1 |  | 
| Ancient of Lore | 4 |  | 
| Ancient of Wonders | 2 |  | 
| Tree of Eternity | 5 |  | 
                32 total
 » build order
                00:39 Moon Well
01:26 Tree of Life
01:38 Altar of Elders
03:01 Hunter's Hall
03:57 Tree of Ages
06:50 Ancient of Wind
07:24 Ancient of Lore
07:47 Moon Well
09:05 Ancient of Lore
09:11 Moon Well
10:57 Tree of Ages
11:30 Altar of Elders
11:32 Altar of Elders
11:51 Hunter's Hall
13:04 Moon Well
13:50 Ancient of Wonders
14:05 Tree of Life
15:25 Tree of Eternity
15:26 Tree of Eternity
15:27 Moon Well
15:29 Moon Well
16:54 Ancient of Lore
16:55 Ancient of Lore
17:41 Tree of Eternity
17:41 Tree of Eternity
17:41 Tree of Eternity
18:27 Ancient of Wonders
19:10 Moon Well
21:23 Tree of Life
22:49 Moon Well
23:39 Moon Well
24:40 Tree of Life
» items
                
                | Scroll of Regeneration | 2 |  | 
| Staff of Preservation | 2 |  | 
| Potion of Healing | 1 |  | 
| Orb of Venom | 1 |  | 
| Staff of Teleportation | 1 |  | 
| Boots of Speed | 1 |  | 
                8 total
  
               team 2 (loser) 
              
              
BLACKASSGRABBA (
purple | 16 APM | 459 actions | 29:10)
              
 1 Blademaster 
 1 Wind Walk
 
                » actions 
                
                | Assign group hotkey | 22 |  | 
| Basic commands | 10 |  | 
| Build / train | 15 |  | 
| Enter build submenu | 4 |  | 
| Enter hero's abilities submenu | 1 |  | 
| Right click | 106 |  | 
| Select / deselect | 117 |  | 
| Select group hotkey | 147 |  | 
| Use ability | 37 |  | 
                459 total
 » units 
                » buildings
                
                | Altar of Storms | 1 |  | 
| Orc Burrow | 1 |  | 
| Voodoo Lounge | 1 |  | 
| War Mill | 1 |  | 
                4 total
 » build order
                00:02 Altar of Storms
00:07 Orc Burrow
00:52 Voodoo Lounge
01:53 War Mill
» items
                
                | Healing Salve | 1 |  | 
| Lesser Clarity Potion | 1 |  | 
| Scroll of Speed | 1 |  | 
                3 total
  
               
              
              
Jacopo. (
green | 53 APM | 1559 actions | 29:09)
              
 4 Archmage 
 2 Summon Water Elemental
 2 Brilliance Aura
 3 Paladin 
 2 Holy Light
 1 Divine Shield
 
                » actions 
                
                | Assign group hotkey | 34 |  | 
| Basic commands | 278 |  | 
| Build / train | 60 |  | 
| Enter build submenu | 20 |  | 
| Enter hero's abilities submenu | 7 |  | 
| Right click | 500 |  | 
| Select / deselect | 398 |  | 
| Select group hotkey | 147 |  | 
| Use ability | 115 |  | 
                1559 total
 » units 
                
                | Peasant | 8 |  | 
| Footman | 8 |  | 
| Priest | 8 |  | 
| Sorceress | 1 |  | 
| Knight | 8 |  | 
                33 total
 » upgrades
                
                | Lumber Harvesting | 2 |  | 
| Priest Training | 2 |  | 
| Animal War Training | 1 |  | 
| Masonry | 1 |  | 
| Plating | 1 |  | 
| Swords | 1 |  | 
                8 total
 » buildings
                
                | Altar of Kings | 1 |  | 
| Farm | 10 |  | 
| Barracks | 1 |  | 
| Scout Tower | 2 |  | 
| Arcane Tower | 4 |  | 
| Keep | 1 |  | 
| Lumber Mill | 1 |  | 
| Arcane Sanctum | 2 |  | 
| Guard Tower | 1 |  | 
| Castle | 1 |  | 
| Blacksmith | 1 |  | 
| Town Hall | 1 |  | 
                26 total
 » build order
                00:09 Altar of Kings
00:14 Farm
00:36 Barracks
00:54 Farm
01:46 Scout Tower
02:18 Farm
02:22 Arcane Tower
02:22 Arcane Tower
02:22 Arcane Tower
03:27 Keep
03:32 Lumber Mill
03:38 Farm
05:36 Scout Tower
05:41 Farm
05:57 Arcane Sanctum
06:01 Arcane Sanctum
06:16 Guard Tower
11:15 Castle
13:34 Blacksmith
16:58 Farm
16:59 Farm
17:45 Farm
18:18 Farm
18:20 Farm
23:29 Town Hall
 
               
              
              
NlGGER-C0CK (
pink | 84 APM | 2452 actions | 29:05)
              
 6 Death Knight 
 3 Death Coil
 2 Unholy Aura
 1 Animate Dead
 5 Lich 
 3 Frost Nova
 2 Dark Ritual
 4 Dreadlord 
 2 Sleep
 2 Vampiric Aura
 
                » actions 
                
                | Assign group hotkey | 24 |  | 
| Basic commands | 231 |  | 
| Build / train | 77 |  | 
| ESC pressed | 7 |  | 
| Enter build submenu | 34 |  | 
| Enter hero's abilities submenu | 15 |  | 
| Give item / drop item | 2 |  | 
| Right click | 711 |  | 
| Select / deselect | 348 |  | 
| Select group hotkey | 872 |  | 
| Use ability | 131 |  | 
                2452 total
 » units 
                
                | Acolyte | 13 |  | 
| Crypt Fiend | 4 |  | 
| Ghoul | 2 |  | 
| Obsidian Statue | 2 |  | 
| Frost Wyrm | 5 |  | 
                26 total
 » upgrades
                
                | Burrow | 1 |  | 
| Creature Attack | 3 |  | 
| Web | 1 |  | 
| Freezing Breath | 1 |  | 
| Creature Carapace | 3 |  | 
| Destroyer Form | 1 |  | 
                10 total
 » buildings
                
                | Altar of Darkness | 1 |  | 
| Ziggurat | 13 |  | 
| Graveyard | 2 |  | 
| Halls of the Dead | 3 |  | 
| Crypt | 1 |  | 
| Tomb of Relics | 1 |  | 
| Nerubian Tower | 2 |  | 
| Spirit Tower | 4 |  | 
| Slaughterhouse | 1 |  | 
| Sacrificial Pit | 1 |  | 
| Black Citadel | 1 |  | 
| Boneyard | 3 |  | 
| Necropolis | 3 |  | 
                36 total
 » build order
                00:05 Altar of Darkness
00:06 Ziggurat
00:53 Graveyard
01:32 Halls of the Dead
01:32 Halls of the Dead
01:36 Graveyard
01:51 Crypt
02:03 Tomb of Relics
02:09 Nerubian Tower
02:12 Ziggurat
02:49 Ziggurat
03:47 Ziggurat
04:23 Spirit Tower
04:27 Ziggurat
05:49 Slaughterhouse
05:55 Sacrificial Pit
06:58 Black Citadel
07:41 Ziggurat
09:38 Boneyard
09:40 Boneyard
09:41 Boneyard
10:56 Spirit Tower
10:57 Nerubian Tower
11:32 Ziggurat
11:33 Ziggurat
12:18 Ziggurat
12:20 Spirit Tower
12:54 Ziggurat
12:54 Ziggurat
17:13 Spirit Tower
18:54 Necropolis
23:10 Necropolis
23:29 Ziggurat
23:42 Ziggurat
25:02 Necropolis
» items
                
                | Rod of Necromancy | 4 |  | 
| Scroll of Town Portal | 1 |  | 
| Potion of Healing | 3 |  | 
| Orb of Corruption | 1 |  | 
| Scroll of Healing | 2 |  | 
| Potion of Lesser Invulnerability | 1 |  | 
| Boots of Speed | 1 |  | 
                13 total
  
               
              
              
SEXUALCHOCOLATE (
teal | 49 APM | 1427 actions | 29:08)
              
 6 Demon Hunter 
 3 Mana Burn
 2 Evasion
 1 Metamorphosis
 
                » actions 
                
                | Assign group hotkey | 21 |  | 
| Basic commands | 181 |  | 
| Build / train | 45 |  | 
| ESC pressed | 1 |  | 
| Enter build submenu | 15 |  | 
| Enter hero's abilities submenu | 6 |  | 
| Right click | 587 |  | 
| Select / deselect | 396 |  | 
| Select group hotkey | 124 |  | 
| Use ability | 51 |  | 
                1427 total
 » units 
                
                | Wisp | 12 |  | 
| Archer | 3 |  | 
| Huntress | 2 |  | 
| Druid of the Talon | 10 |  | 
                27 total
 » upgrades
                
                | Druid of the Talon Training | 2 |  | 
                2 total
 » buildings
                
                | Altar of Elders | 1 |  | 
| Moon Well | 5 |  | 
| Ancient of War | 1 |  | 
| Hunter's Hall | 1 |  | 
| Tree of Ages | 1 |  | 
| Ancient Protector | 2 |  | 
| Ancient of Wind | 2 |  | 
| Tree of Eternity | 1 |  | 
| Ancient of Wonders | 2 |  | 
                16 total
 » build order
                00:07 Altar of Elders
00:19 Moon Well
00:34 Ancient of War
01:26 Moon Well
02:17 Hunter's Hall
02:59 Tree of Ages
03:33 Moon Well
05:08 Ancient Protector
05:11 Ancient Protector
05:26 Ancient of Wind
05:28 Ancient of Wind
06:16 Tree of Eternity
08:02 Ancient of Wonders
08:17 Moon Well
12:16 Moon Well
22:43 Ancient of Wonders
» items
                
                | Scroll of Town Portal | 2 |  | 
| Potion of Healing | 1 |  | 
| Orb of Corruption | 1 |  | 
                4 total
  
                Chat log
          
(07:37 / All) timG4strok: nice surr NOT
(16:45 / All) BLACKASSGRABBA: gg no re
(18:00 / All) SEXUALCHOCOLATE: hah
(18:05 / All) timG4strok: what
(18:11 / All) SEXUALCHOCOLATE: u like cocks
(18:15 / All) timG4strok: takes 12 dott and cyclone to surround grats
(18:21 / All) SEXUALCHOCOLATE: yup adn ur gay
(20:04 / All) BLACKASSGRABBA: i say
(20:08 / All) BLACKASSGRABBA: gg no re
(20:10 / All) BLACKASSGRABBA: nigga
(20:15 / All) SEXUALCHOCOLATE: touch my privates 
(23:03 / All) BLACKASSGRABBA: i say
(23:06 / All) BLACKASSGRABBA: gg no re
(23:10 / All) BLACKASSGRABBA: nigga
(28:35 / All) Mata.: i say gg
(28:45 / All) Mata.: leave
(28:52 / All) timG4strok: lmfao
(29:10 / All) BEAR_AND: that a